 Dungeon Crawl Stone Soup version 0.20-a0-267-g4a7ec2a (webtiles) character file.

528 KristoblXynda the Stinger (level 7, 0/50 HPs)
             Began as a Grey Draconian Venom Mage on Dec 6, 2016.
             Was an Initiate of Vehumet.
             Slain by Pikel
             ... wielding a +0 whip of flaming
              (2 damage)
             ... on level 4 of the Dungeon.
             The game lasted 00:10:37 (4710 turns).

KristoblXynda the Stinger (DrVM)                    Turns: 4710, Time: 00:10:38

Health: 0/50       AC: 16    Str: 12    XL:     7   Next: 3%
Magic:  13/13      EV: 12    Int: 17    God:    Vehumet [......]
Gold:   199        SH:  0    Dex: 12    Spells: 10/14 levels left

rFire  . . .     SeeInvis .       - Unarmed
rCold  . . .     Gourm    .     (armour unavailable)
rNeg   . . .     Faith    .     (no shield)
rPois  .         Spirit   .     (helmet restricted)
rElec  .         Reflect  .     h - +2 cloak
rCorr  .         Harm     .     (no gloves)
MR     .....                    (no boots)
Stlth  ++........               (no amulet)
                                (no ring)
                                o - +2 ring of protection

@: exhausted, slowed, very slow
A: walk through water, unfitting armour, antennae 1, strong 1, unbreathing,
cold-blooded, AC +11
a: Renounce Religion


You were on level 4 of the Dungeon.
You worshipped Vehumet.
Vehumet was noncommittal.
You were not hungry.

You visited 2 branches of the dungeon, and saw 5 of its levels.
You also visited: Sewer.

You collected 199 gold pieces.

Inventory:

Armour
 h - a +2 cloak (worn)
Magical Staves
 q - an uncursed staff of wizardry
Jewellery
 o - a +2 ring of protection (left hand)
Scrolls
 f - a scroll of blinking
 p - 2 scrolls of remove curse
 s - 2 scrolls of teleportation
Potions
 b - 2 potions of might
 d - a potion of berserk rage
 g - 2 potions of lignification {unknown}
 i - 2 potions of brilliance
 j - a potion of haste {unknown}
 k - a potion of agility {unknown}
 m - 3 potions of heal wounds
 r - a potion of curing {unknown}
 t - 5 potions of flight {unknown}
Books
 a - a Young Poisoner's Handbook

   Spells                             Type                      Level
   a - Sting                          Conjuration/Poison           1
   b - Mephitic Cloud                 Conjuration/Poison/Air       3
   c - Olgreb's Toxic Radiance        Poison                       4
   d - Alistair's Intoxication        Transmutation/Poison         5
   e - Venom Bolt                     Conjuration/Poison           5
 u - a book of Cantrips

   Spells                             Type                      Level
   a - Confusing Touch                Hexes                        1
   b - Animate Skeleton               Necromancy                   1
   c - Summon Small Mammal            Summoning                    1
   d - Apportation                    Translocation                1
Comestibles
 l - a meat ration
 n - a bread ration


   Skills:
 - Level 1.7 Dodging
 - Level 1.7 Stealth
 + Level 2.8 Unarmed Combat
 + Level 4.0 Spellcasting
 + Level 4.2 Conjurations
 - Level 5.0 Poison Magic


You had 10 spell levels left.
You knew the following spells:

 Your Spells              Type           Power        Failure   Level  Hunger
a - Sting                 Conj/Pois      ###.         2%          1    None
b - Mephitic Cloud        Conj/Pois/Air  ##......     14%         3    ###....


Dungeon Overview and Level Annotations

Branches:
Dungeon (4/15)             Temple (1/1) D:4

Altars:
Ashenzari
Cheibriados
Dithmenos
Gozag
Hepliaklqana
Kikubaaqudgha
Makhleb
Nemelex Xobeh
Okawaru
Qazlal
Ru
Trog
Uskayaw
Vehumet
Xom
Yredelemnul
Zin
The Shining One

Annotations:
D:4 Pikel


Innate Abilities, Weirdness & Mutations

You can walk through water.
Your dull iron-grey scales are very hard. (AC +11)
You cannot fit into any form of body armour.
You can survive without breathing.
You are cold-blooded and may be slowed by cold attacks.
You have a pair of small antennae on your head.
Your muscles are strong. (Str +2)


Message History

Pikel is almost dead.
Pikel barely misses you.
You hit Pikel. You tail-slap Pikel, but do no damage.
Pikel is almost dead.
Pikel hits you but does no damage.
You miss Pikel.
Pikel is almost dead.
Pikel hits you with a whip of flaming. Pikel burns you.
Pikel hits you with a whip of flaming! Pikel burns you.
You closely miss Pikel.
Pikel is almost dead.
Pikel hits you but does no damage. Pikel hits you with a whip of flaming!
* * * LOW HITPOINT WARNING * * *
Pikel burns you.
* * * LOW HITPOINT WARNING * * *
Pikel hits you with a whip of flaming.
* * * LOW HITPOINT WARNING * * *
Pikel burns you.
You die...

##############.##
#...............#
#.############.## #.# #.# #.# .#
.# #.# #.# pp . # #.# #.# K# .
.# #.# #.# .#.#..# #.# . #.. #@#
.#....# #.# .. #....#
#K#{......# #.# .. #....#
#o##.p..... #.# .. #....#
#.p.p...... #.# .# #....#
########### #.# .#
####....###### #.#
.#####............###########.##
................>..>...........#
.#####............##############


You could see Pikel, a slave and an orc.

Vanquished Creatures
  2 big kobolds (Sewer)
  A howler monkey (D:3)
  A bullfrog zombie (D:4)
  A hound (D:4)
  A bullfrog skeleton (D:4)
  An iguana (D:4)
  Robin (D:3)
  8 adders
  3 river rats (Sewer)
  5 oozes
  A worm (Sewer)
  2 dart slugs
  2 leopard geckos
  2 orcs (D:3)
  2 giant cockroaches
  22 goblins
  8 hobgoblins
  3 jackals (D:3)
  10 kobolds
  3 quokkas
  5 ball pythons
  5 bats
  8 frilled lizards
  6 rats
103 creatures vanquished.

Notes
Turn   | Place    | Note
-------+----------+-------------------------------------------
     0 | D:1      | KristoblXynda the Draconian Venom Mage began the quest for the Orb.
     0 | D:1      | Reached XP level 1. HP: 14/14 MP: 3/3
   580 | D:1      | Reached XP level 2. HP: 17/20 MP: 3/5
   586 | D:1      | Reached skill level 1 in Conjurations
   835 | D:1      | Found a shimmering altar of Xom.
   837 | D:1      | Found a snail-covered altar of Cheibriados.
   837 | D:1      | Found a glowing silver altar of Zin.
   841 | D:1      | Found a sacrificial altar of Ru.
   841 | D:1      | Found a glowing silver altar of Zin.
   841 | D:1      | Found a hide-covered altar of Uskayaw.
  1123 | D:2      | Reached XP level 3. HP: 19/26 MP: 0/6
  1292 | D:2      | Learned a level 3 spell: Mephitic Cloud
  1663 | D:2      | Reached XP level 4. HP: 26/33 MP: 2/7
  1710 | D:2      | Found a stormy altar of Qazlal.
  1718 | D:2      | Found an iron altar of Okawaru.
  2166 | D:3      | Reached XP level 5. HP: 13/38 MP: 9/9
  2394 | D:3      | Gained mutation: Your flesh is cold resistant. (rC+) [potion of mutation]
  2394 | D:3      | Gained mutation: Your muscles are strong. (Str +2) [potion of mutation]
  2394 | D:3      | Lost mutation: Your flesh is cold resistant. (rC+) [potion of mutation]
  2472 | D:3      | Found a snail-covered altar of Cheibriados.
  2474 | D:3      | Reached skill level 5 in Poison Magic
  2688 | D:3      | Noticed Robin
  2710 | D:3      | Killed Robin
  2897 | D:4      | Reached skill level 1 in Unarmed Combat
  3093 | D:4      | Found a glowing drain.
  3098 | Sewer    | Entered a sewer
  3105 | Sewer    | Reached XP level 6. HP: 45/45 MP: 9/11
  4357 | D:4      | Your scales start taking on a dull iron-grey colour.
  4357 | D:4      | Reached XP level 7. HP: 50/50 MP: 13/13
  4357 | D:4      | Gained mutation: You can survive without breathing. [Grey Draconian growth]
  4384 | D:4      | Found a staircase to the Ecumenical Temple.
  4394 | Temple   | Entered the Ecumenical Temple
  4464 | Temple   | Became a worshipper of Vehumet
  4647 | D:4      | Noticed Pikel
  4656 | D:4      | Gained mutation: You have a pair of small antennae on your head. [potion of beneficial mutation]
  4710 | D:4      | HP: 2/50 [Pikel/whip of flaming (6)]
  4710 | D:4      | Slain by Pikel

Vault maps used:
D:1:      co_arrival_random_square_maze, doesnt_xom_only_xom
D:2:      grunt_qazlal_sundering, okawaru_gym_becter
D:3:      kennysheep_goblin_castle, first_bread, kennysheep_slug_shrine
D:4:      lightli_sewer_entry_pipes, uniq_pikel
Temple:   nicolae_temple_figure_eight
Sewer:    sewer_co_15_rooms

Skill      XL: |  1  2  3  4  5  6 |
---------------+-------------------+-----
Conjurations   | 1 2 3 4 |  4.2
Spellcasting   | 3 4 |  4.0
Poison Magic   | 5 |  5.0
Unarmed Combat | 1 2 |  2.8
Dodging        | |  1.7
Stealth        | |  1.7

Action                   |  1- 3 |  4- 6 |  7- 9 || total
-------------------------+-------+-------+-------++-------
Melee: Unarmed           |   131 |    49 |    56 ||   236
       Tailslap          |     9 |    26 |     8 ||    43
       Dagger            |       |   224 |       ||   224
       Punch             |       |     1 |       ||     1
 Cast: Sting             |    42 |    26 |       ||    68
       Mephitic Cloud    |       |     4 |       ||     4
  Use: Scroll            |       |    10 |     2 ||    12
       Potion            |       |     1 |     2 ||     3
 Stab: Sleeping          |     1 |     3 |       ||     4
       Confused          |       |     1 |       ||     1
  Eat: Bread ration      |     1 |     1 |       ||     2
       Chunk             |       |     6 |       ||     6
Armor: Skin              |    49 |   123 |    26 ||   198
Dodge: Dodged            |   105 |   178 |    25 ||   308
